Chicago Blackhawks vs Vancouver Canucks

Created - mercredi, 5 novembre 2025 at 19:01

Goals
1 2 3 T
Chicago Blackhawks 1 2 2 5
Vancouver Canucks 0 1 1 2
Shots
1 2 3 T
Chicago Blackhawks 11 14 12 37
Vancouver Canucks 5 10 16 31

1st period

1. Chicago Blackhawks , Michael Rasmussen 2 (Jakub Vrana 4, Jacob Trouba 7) at 6:44

Penalties :
Vasily Podkolzin (VAN) for High sticking (Minor) at 16:32, Matt Rempe (CHI) for Roughing (Minor) at 16:32

2nd period

2. Vancouver Canucks , Mason Appleton 2 (Cale Makar 8, David Kampf 3) at 5:24
3. Chicago Blackhawks , Jesse Puljujarvi 3 (Olli Maatta 6, Jakub Vrana 5) at 6:02
4. Chicago Blackhawks , Philipp Kurashev 1 (Viktor Arvidsson 6, Kasperi Kapanen 2) at 9:06

Penalties :
Jacob Trouba (CHI) for Hooking (Minor) at 0:57, Dmitri Voronkov (CHI) for Interference (Minor) at 15:28

3rd period

5. Chicago Blackhawks , Kasperi Kapanen 2 (Jamie Drysdale 8, Sean Kuraly 3) at 6:09
6. Vancouver Canucks , Mason Appleton 3 (David Kampf 4, Cale Makar 9) at 6:30
7. Chicago Blackhawks , Zachary Bolduc 5 (Corey Perry 1, John Klingberg 2) at 14:06

Penalties :
Philippe Myers (CHI) for Interference (Minor) at 8:14, Matthew Knies (VAN) for Boarding (Minor) at 19:37

Goalie Stats

Arvid Soderblom (CHI), 29 saves from 31 shots - (0.935), W, 8-5-0, 60:00 minutes
Jacob Markstrom (VAN), 32 saves from 37 shots - (0.865), L, 5-6-0, 60:00 minutes

Players Stats for Chicago Blackhawks

Player Name              G  A  P  +/- PIM S  H  SB GA TA FO     MP     PP MP  PK MP  
------------------------------------------------------------------------------------
Adam Boqvist             0  0  0   0  0   1  0  3  0  0  0/0    19:37   0:14   2:31 
Corey Perry              0  1  1   1  0   1  1  0  0  0  9/16   12:57   0:14   2:57 
Dmitri Voronkov          0  0  0   2  2   2  0  1  0  0  2/6    16:44   0:14   2:06 
Jacob Trouba             0  1  1   1  2   0  2  2  0  0  0/0    20:30   0:14   1:17 
Jakub Vrana              0  2  2   1  0   2  1  0  0  0  1/1    14:48   0:00   0:00 
Jamie Drysdale           0  1  1   2  0   1  0  3  0  0  0/0    20:11   0:08   2:18 
Jesse Puljujarvi         1  0  1   1  0   5  4  0  0  0  0/1    14:48   0:00   0:00 
John Klingberg           0  1  1   0  0   0  0  1  0  0  0/0    18:23   0:00   1:24 
Kasperi Kapanen          1  1  2   2  0   4  0  0  0  0  0/0    14:39   0:00   1:25 
Matt Rempe               0  0  0   1  2   0  0  0  0  0  0/0     9:10   0:00   0:00 
Michael Rasmussen        1  0  1   1  0   4  1  0  0  0  14/25  15:20   0:00   0:54 
Olli Maatta              0  1  1   1  0   1  1  4  0  0  0/0    19:37   0:08   3:05 
Philipp Kurashev         1  0  1   0  0   2  3  0  0  0  14/22  16:05   0:08   0:00 
Philippe Myers           0  0  0   0  2   1  2  1  0  0  0/0    17:50   0:00   0:34 
Sean Kuraly              0  1  1   1  0   0  2  1  0  0  8/14   13:27   0:00   0:31 
Tyler Bertuzzi           0  0  0   0  0   3  1  0  0  0  1/1    18:15   0:14   1:29 
Viktor Arvidsson         0  1  1   0  0   4  0  1  0  0  1/2    16:47   0:08   0:20 
Zachary Bolduc           1  0  1   1  0   6  1  0  0  0  1/1    12:52   0:08   2:57 

Players Stats for Vancouver Canucks

Player Name              G  A  P  +/- PIM S  H  SB GA TA FO     MP     PP MP  PK MP  
------------------------------------------------------------------------------------
Bo Horvat                0  0  0   0  0   1  1  0  0  0  8/16   14:44   0:00   0:00 
Brock Boeser             0  0  0  -3  0   5  1  1  0  0  1/1    19:04   2:50   0:00 
Cale Makar               0  2  2   0  0   1  0  1  0  0  0/0    23:56   0:00   0:00 
Casey Mittelstadt        0  0  0   0  0   2  0  0  0  0  0/1    18:01   3:07   0:08 
Chris Tanev              0  0  0   0  0   0  0  1  0  0  0/0    20:37   2:18   0:08 
David Kampf              0  2  2   2  0   1  1  2  0  0  4/11    9:21   0:00   0:08 
Elias Pettersson         0  0  0  -3  0   0  1  0  0  0  13/34  20:00   2:50   0:14 
Mason Appleton           2  0  2   2  0   5  1  1  0  0  0/0     9:40   0:00   0:00 
Matthew Knies            0  0  0  -3  2   1  2  0  0  0  0/2    19:03   2:50   0:00 
Nate Schmidt             0  0  0  -1  0   4  2  0  0  0  0/0    16:59   3:39   0:08 
Oliver Ekman-Larsson     0  0  0  -2  0   1  2  2  0  0  0/0    19:57   3:39   0:14 
Phillip Di Giuseppe      0  0  0   2  0   1  1  0  0  0  0/0     9:13   0:00   0:00 
Pius Suter               0  0  0  -2  0   1  0  0  0  0  0/0    12:16   0:00   0:00 
Quinn Hughes             0  0  0  -2  0   4  1  0  0  0  0/0    25:04   2:18   0:14 
Thomas Novak             0  0  0  -2  0   2  0  0  0  0  8/17   16:35   3:07   0:00 
Travis Hamonic           0  0  0  -1  0   0  1  2  0  0  0/0    13:27   0:00   0:00 
Vasily Podkolzin         0  0  0  -2  2   1  3  0  0  0  0/0    12:29   0:00   0:14 
Wyatt Johnston           0  0  0   0  0   1  0  1  0  0  4/7    17:11   3:07   0:00 

3 Stars

1 - Mason Appleton (VAN)
2 - Kasperi Kapanen (CHI)
3 - Jesse Puljujarvi (CHI)

Power Play

Chicago Blackhawks - 0 on 1 Attempt(s) - 0.00%
Vancouver Canucks - 0 on 3 Attempt(s) - 0.00%

Penalty Kill

Chicago Blackhawks - 3 on 3 Attempt(s) - 100.00% - Score 0 goal in Penalty Kill
Vancouver Canucks - 1 on 1 Attempt(s) - 100.00% - Score 0 goal in Penalty Kill

Team Stat

Chicago Blackhawks - Hits : 19 - Faceoff Wins : 51 - Blocked Shots : 17 - Penalty Minutes : 8
Vancouver Canucks - Hits : 17 - Faceoff Wins : 38 - Blocked Shots : 11 - Penalty Minutes : 4

Official

Referees : Ghislain Hebert and Kelly Sutherland
Linesman : Bevan Mills and Ben O'Quinn

Game Notes

No Game Note

Finance

Level 1 -- Attendance: 9287 (92.87%) -- Ticket Income $ 863 691
Level 2 -- Attendance: 1720 (86.00%) -- Ticket Income $ 134 160
Level 3 -- Attendance: 2976 (85.03%) -- Ticket Income $ 142 848
Level 4 -- Attendance: 1209 (83.38%) -- Ticket Income $ 38 688
Luxury Box -- Attendance: 43 (86.00%) -- Ticket Income $ 9 675
Game was played at the Rogers Arena.
Total Attendance: 15235 (89.62%)
Total Ticket Income: $ 1 189 062
Total Income: $ 1 189 062

Chicago Blackhawks

5 vs 5 Forward 
   Center                   Left Wing                Right Wing               Time % Phy DF OF 
 1 Philipp Kurashev         Tyler Bertuzzi           Viktor Arvidsson         30     1   1  3  
 2 Michael Rasmussen        Jakub Vrana              Jesse Puljujarvi         30     1   2  2  
 3 Sean Kuraly              Dmitri Voronkov          Kasperi Kapanen          25     1   3  1  
 4 Corey Perry              Matt Rempe               Zachary Bolduc           15     3   1  1  

5 vs 5 Defense 
   Defense                  Defense                                           Time % Phy DF OF 
 1 Jacob Trouba             Jamie Drysdale                                    30     1   2  2  
 2 Olli Maatta              Adam Boqvist                                      30     1   2  2  
 3 Philippe Myers           John Klingberg                                    25     1   2  2  
 4 Jacob Trouba             Jamie Drysdale                                    15     1   2  2  

PowerPlay Forward 
   Center                   Left Wing                Right Wing               Time % Phy DF OF 
 1 Dmitri Voronkov          Tyler Bertuzzi           Corey Perry              50     1   2  2  
 2 Zachary Bolduc           Philipp Kurashev         Viktor Arvidsson         50     1   2  2  

PowerPlay Defense
   Defense                  Defense                                           Time % Phy DF OF 
 1 Olli Maatta              Jamie Drysdale                                    50     1   2  2  
 2 Adam Boqvist             Jacob Trouba                                      50     1   2  2  

Penalty Kill 4 Players Forward 
   Center                   Wing                     Time % Phy DF OF 
 1 Dmitri Voronkov          Tyler Bertuzzi           50     1   2  2  
 2 Corey Perry              Zachary Bolduc           50     1   2  2  

Penalty Kill 4 Players Defense
   Defense                  Defense                  Time % Phy DF OF 
 1 Olli Maatta              Jamie Drysdale           50     1   2  2  
 2 Jacob Trouba             Adam Boqvist             50     1   2  2  

Penalty Kill - 3 Players Forward 
   Forward                                           Time % Phy DF OF 
 1 Dmitri Voronkov                                   50     1   2  2  
 2 Tyler Bertuzzi                                    50     1   2  2  

Penalty Kill - 3 Players Defense
   Defense                  Defense                  Time % Phy DF OF 
 1 Jacob Trouba             Adam Boqvist             50     1   2  2  
 2 Olli Maatta              Jamie Drysdale           50     1   2  2  

4 vs 4 Forward 
   Center                   Wing                     Time % Phy DF OF 
 1 Dmitri Voronkov          Zachary Bolduc           50     1   2  2  
 2 Tyler Bertuzzi           Philipp Kurashev         50     1   2  2  

4 vs 4 Defense
   Defense                  Defense                  Time % Phy DF OF 
 1 Adam Boqvist             Olli Maatta              50     1   2  2  
 2 Jamie Drysdale           Jacob Trouba             50     1   2  2  

Last Minutes Offensive
   Center                   Left Wing                Right Wing               Defense                  Defense                  
   Dmitri Voronkov          Tyler Bertuzzi           Corey Perry              Olli Maatta              Adam Boqvist             

Last Minutes Defensive
   Center                   Left Wing                Right Wing               Defense                  Defense                  
   Dmitri Voronkov          Tyler Bertuzzi           Corey Perry              Olli Maatta              Adam Boqvist             

Goaltenders
Starting : Arvid Soderblom          
Backup : Georgi Romanov           

Extra Forwards
Normal : Dmitri Voronkov, Tyler Bertuzzi, Zachary Bolduc - PP : Corey Perry, Michael Rasmussen - PK : Zachary Bolduc
Extra Defensemen
Normal : Olli Maatta, Adam Boqvist, Philippe Myers - PP : Jacob Trouba - PK : Jamie Drysdale, Olli Maatta
Penalty Shots
Dmitri Voronkov, Tyler Bertuzzi, Corey Perry, Zachary Bolduc, Philipp Kurashev
Custom OT Lines Forwards
Zachary Bolduc, Dmitri Voronkov, Tyler Bertuzzi, Corey Perry, Michael Rasmussen, Jakub Vrana, Sean Kuraly, Jesse Puljujarvi, Philipp Kurashev, Viktor Arvidsson
Custom OT Lines Defensemen
Jamie Drysdale, Adam Boqvist, Philippe Myers, Jacob Trouba, Olli Maatta

Scratches
Max Jones (Healthy), Isak Rosen (Healthy)

Vancouver Canucks

5 vs 5 Forward 
   Center                   Left Wing                Right Wing               Time % Phy DF OF 
 1 Elias Pettersson         Matthew Knies            Brock Boeser             31     0   1  4  
 2 Bo Horvat                Casey Mittelstadt        Wyatt Johnston           27     1   1  3  
 3 Thomas Novak             Vasily Podkolzin         Pius Suter               24     1   2  2  
 4 David Kampf              Phillip Di Giuseppe      Mason Appleton           18     1   2  2  

5 vs 5 Defense 
   Defense                  Defense                                           Time % Phy DF OF 
 1 Cale Makar               Chris Tanev                                       42     0   2  3  
 2 Oliver Ekman-Larsson     Quinn Hughes                                      36     0   2  3  
 3 Nate Schmidt             Travis Hamonic                                    22     1   2  2  
 4 Cale Makar               Quinn Hughes                                      0      1   2  2  

PowerPlay Forward 
   Center                   Left Wing                Right Wing               Time % Phy DF OF 
 1 Elias Pettersson         Matthew Knies            Brock Boeser             55     0   0  5  
 2 Wyatt Johnston           Thomas Novak             Casey Mittelstadt        45     0   1  4  

PowerPlay Defense
   Defense                  Defense                                           Time % Phy DF OF 
 1 Chris Tanev              Quinn Hughes                                      55     0   0  5  
 2 Oliver Ekman-Larsson     Nate Schmidt                                      45     0   1  4  

Penalty Kill 4 Players Forward 
   Center                   Wing                     Time % Phy DF OF 
 1 David Kampf              Casey Mittelstadt        50     0   1  4  
 2 Elias Pettersson         Vasily Podkolzin         50     0   4  1  

Penalty Kill 4 Players Defense
   Defense                  Defense                  Time % Phy DF OF 
 1 Nate Schmidt             Chris Tanev              50     1   4  0  
 2 Oliver Ekman-Larsson     Quinn Hughes             50     1   4  0  

Penalty Kill - 3 Players Forward 
   Forward                                           Time % Phy DF OF 
 1 David Kampf                                       55     0   5  0  
 2 Elias Pettersson                                  45     0   5  0  

Penalty Kill - 3 Players Defense
   Defense                  Defense                  Time % Phy DF OF 
 1 Cale Makar               Chris Tanev              55     1   4  0  
 2 Oliver Ekman-Larsson     Quinn Hughes             45     1   4  0  

4 vs 4 Forward 
   Center                   Wing                     Time % Phy DF OF 
 1 Elias Pettersson         Casey Mittelstadt        50     0   2  3  
 2 Thomas Novak             Mason Appleton           50     0   2  3  

4 vs 4 Defense
   Defense                  Defense                  Time % Phy DF OF 
 1 Nate Schmidt             Chris Tanev              50     0   3  2  
 2 Oliver Ekman-Larsson     Quinn Hughes             50     0   3  2  

Last Minutes Offensive
   Center                   Left Wing                Right Wing               Defense                  Defense                  
   Elias Pettersson         Matthew Knies            Brock Boeser             Cale Makar               Quinn Hughes             

Last Minutes Defensive
   Center                   Left Wing                Right Wing               Defense                  Defense                  
   Elias Pettersson         David Kampf              Vasily Podkolzin         Cale Makar               Chris Tanev              

Goaltenders
Starting : Jacob Markstrom          
Backup : Spencer Martin           

Extra Forwards
Normal : Bo Horvat, Elias Pettersson, Matthew Knies - PP : Elias Pettersson, Matthew Knies - PK : Mason Appleton
Extra Defensemen
Normal : Quinn Hughes, Oliver Ekman-Larsson, Nate Schmidt - PP : Quinn Hughes - PK : Oliver Ekman-Larsson, Travis Hamonic
Penalty Shots
Wyatt Johnston, Cale Makar, Elias Pettersson, Bo Horvat, Matthew Knies
Custom OT Lines Forwards
Elias Pettersson, Wyatt Johnston, Bo Horvat, Matthew Knies, Brock Boeser, Casey Mittelstadt, Thomas Novak, Vasily Podkolzin, Mason Appleton, David Kampf
Custom OT Lines Defensemen
Cale Makar, Quinn Hughes, Oliver Ekman-Larsson, Chris Tanev, Nate Schmidt

Scratches
Erik Brannstrom (Healthy), Jonah Gadjovich (Healthy)

% Time on Ice - Chicago Blackhawks

Lines # - Real PCT - Wanted PCT - Time Play
Normal Forward
1 - 29% - 30% - 14:47
2 - 29% - 30% - 14:48
3 - 25% - 25% - 12:56
4 - 18% - 15% - 9:11
Normal Defense
1 - 27% - 30% - 13:57
2 - 30% - 30% - 15:38
3 - 33% - 25% - 17:17
4 - 9% - 15% - 4:50
PP Forward
1 - 64% - 50% - 0:14
2 - 36% - 50% - 0:08
PP Defense
1 - 36% - 50% - 0:08
2 - 64% - 50% - 0:14
PK Forward
1 - 49% - 50% - 2:54
2 - 51% - 50% - 3:03
PK Defense
1 - 48% - 50% - 2:52
2 - 52% - 50% - 3:05
PK3 Forward
1 - 0% - 50%
2 - 0% - 50%
PK3 Defense
1 - 0% - 50%
2 - 0% - 50%
44 Forward
1 - 58% - 50% - 1:09
2 - 42% - 50% - 0:50
44 Defense
1 - 42% - 50% - 0:50
2 - 58% - 50% - 1:09
Last Minute Offensive  - 0:00
Last Minute Defensive  - 0:00
Total
Forward - 60:00
Defense - 60:00

% Time on Ice - Vancouver Canucks

Lines # - Real PCT - Wanted PCT - Time Play
Normal Forward
1 - 31% - 31% - 16:14
2 - 27% - 27% - 13:59
3 - 24% - 24% - 12:16
4 - 18% - 18% - 9:13
Normal Defense
1 - 34% - 42% - 17:36
2 - 28% - 36% - 14:37
3 - 26% - 22% - 13:27
4 - 12% - 0% - 6:02
PP Forward
1 - 48% - 55% - 2:50
2 - 52% - 45% - 3:07
PP Defense
1 - 39% - 55% - 2:18
2 - 61% - 45% - 3:39
PK Forward
1 - 36% - 50% - 0:08
2 - 64% - 50% - 0:14
PK Defense
1 - 36% - 50% - 0:08
2 - 64% - 50% - 0:14
PK3 Forward
1 - 0% - 55%
2 - 0% - 45%
PK3 Defense
1 - 0% - 55%
2 - 0% - 45%
44 Forward
1 - 39% - 50% - 0:47
2 - 61% - 50% - 1:12
44 Defense
1 - 29% - 50% - 0:35
2 - 71% - 50% - 1:24
Last Minute Offensive  - 0:00
Last Minute Defensive  - 0:00
Total
Forward - 60:00
Defense - 60:00

Play-by-Play

1st period


0:01 of 1st period - Philipp Kurashev wins face-off versus Elias Pettersson in neutral zone.
0:12 of 1st period - Shot by Viktor Arvidsson.
0:12 of 1st period - Deflect By Tyler Bertuzzi.
0:12 of 1st period - Shot Blocked by Cale Makar.
0:14 of 1st period - Shot by Jacob Trouba.
0:14 of 1st period - Deflect By Tyler Bertuzzi.
0:14 of 1st period - Stopped by Jacob Markstrom without a rebound.
0:15 of 1st period - Michael Rasmussen wins face-off versus Bo Horvat in Vancouver Canucks zone.
0:17 of 1st period - Jakub Vrana is hit by Oliver Ekman-Larsson and loses puck.
2:04 of 1st period - Shot by Viktor Arvidsson.
2:04 of 1st period - Stopped by Jacob Markstrom without a rebound.
2:05 of 1st period - Elias Pettersson wins face-off versus Corey Perry in Vancouver Canucks zone.
2:28 of 1st period - Shot by Brock Boeser.
2:28 of 1st period - Shot Blocked by Jamie Drysdale.
3:19 of 1st period - Shot by Tyler Bertuzzi.
3:19 of 1st period - Shot Misses the Net.
3:36 of 1st period - Shot by Jesse Puljujarvi.
3:36 of 1st period - Shot Misses the Net.
3:38 of 1st period - Shot by Philippe Myers.
3:38 of 1st period - Stopped by Jacob Markstrom without a rebound.
3:39 of 1st period - Thomas Novak wins face-off versus Michael Rasmussen in Vancouver Canucks zone.
3:39 of 1st period - Nate Schmidt is hit by Jesse Puljujarvi and loses puck.
4:11 of 1st period - Icing by Jamie Drysdale.
4:12 of 1st period - Elias Pettersson wins face-off versus Michael Rasmussen in Chicago Blackhawks zone.
4:12 of 1st period - Matthew Knies is hit by Jacob Trouba and loses puck.
4:20 of 1st period - Icing by Jamie Drysdale.
4:21 of 1st period - Michael Rasmussen wins face-off versus Bo Horvat in Chicago Blackhawks zone.
5:17 of 1st period - Shot by Dmitri Voronkov.
5:17 of 1st period - Shot Misses the Net.
5:19 of 1st period - Shot by Philippe Myers.
5:19 of 1st period - Shot Blocked by Wyatt Johnston.
5:21 of 1st period - Shot by Sean Kuraly.
5:21 of 1st period - Shot Misses the Net.
5:23 of 1st period - Shot by Kasperi Kapanen.
5:23 of 1st period - Stopped by Jacob Markstrom without a rebound.
5:24 of 1st period - Corey Perry wins face-off versus Elias Pettersson in Vancouver Canucks zone.
5:48 of 1st period - Shot by Corey Perry.
5:48 of 1st period - Shot Misses the Net.
5:50 of 1st period - Shot by Matt Rempe.
5:50 of 1st period - Shot Misses the Net.
5:52 of 1st period - Shot by Philippe Myers.
5:52 of 1st period - Shot Hit the Post.
6:32 of 1st period - Icing by Cale Makar.
6:33 of 1st period - Michael Rasmussen wins face-off versus Thomas Novak in Vancouver Canucks zone.
6:44 of 1st period - Shot by Jakub Vrana.
6:44 of 1st period - Deflect By Michael Rasmussen.
6:44 of 1st period - Goal by Michael Rasmussen - Chicago Blackhawks : 1 - Vancouver Canucks : 0.
6:45 of 1st period - Viktor Arvidsson wins face-off versus David Kampf in neutral zone.
6:45 of 1st period - Tyler Bertuzzi is hit by Phillip Di Giuseppe and loses puck.
7:11 of 1st period - Shot by Viktor Arvidsson.
7:11 of 1st period - Stopped by Jacob Markstrom with a rebound.
7:13 of 1st period - Shot by Tyler Bertuzzi.
7:13 of 1st period - Shot Blocked by David Kampf.
7:22 of 1st period - Off-side.
7:23 of 1st period - Elias Pettersson wins face-off versus Michael Rasmussen in neutral zone.
7:46 of 1st period - Shot by Elias Pettersson.
7:46 of 1st period - Deflect By Brock Boeser.
7:46 of 1st period - Stopped by Arvid Soderblom without a rebound.
7:47 of 1st period - Sean Kuraly wins face-off versus Bo Horvat in Chicago Blackhawks zone.
7:47 of 1st period - Sean Kuraly is hit by Bo Horvat.
8:22 of 1st period - Shot by Wyatt Johnston.
8:22 of 1st period - Shot Misses the Net.
8:24 of 1st period - Shot by Casey Mittelstadt.
8:24 of 1st period - Shot Misses the Net.
8:46 of 1st period - Shot by Quinn Hughes.
8:46 of 1st period - Shot Misses the Net.
9:00 of 1st period - Shot by Vasily Podkolzin.
9:00 of 1st period - Shot Misses the Net.
9:02 of 1st period - Shot by Oliver Ekman-Larsson.
9:02 of 1st period - Stopped by Arvid Soderblom without a rebound.
9:03 of 1st period - Philipp Kurashev wins face-off versus Elias Pettersson in Chicago Blackhawks zone.
9:12 of 1st period - Icing by Brock Boeser.
9:13 of 1st period - Michael Rasmussen wins face-off versus Elias Pettersson in Vancouver Canucks zone.
9:18 of 1st period - Shot by Jakub Vrana.
9:18 of 1st period - Stopped by Jacob Markstrom with a rebound.
9:34 of 1st period - Shot by Brock Boeser.
9:34 of 1st period - Stopped by Arvid Soderblom without a rebound.
9:35 of 1st period - Bo Horvat wins face-off versus Philipp Kurashev in Chicago Blackhawks zone.
10:37 of 1st period - Shot by Oliver Ekman-Larsson.
10:37 of 1st period - Shot Misses the Net.
10:39 of 1st period - Shot by Quinn Hughes.
10:39 of 1st period - Stopped by Arvid Soderblom without a rebound.
10:40 of 1st period - Jakub Vrana wins face-off versus Thomas Novak in Chicago Blackhawks zone.
10:45 of 1st period - Shot by Jesse Puljujarvi.
10:45 of 1st period - Shot Blocked by Travis Hamonic.
10:47 of 1st period - Shot by Jesse Puljujarvi.
10:47 of 1st period - Stopped by Jacob Markstrom without a rebound.
10:48 of 1st period - Elias Pettersson wins face-off versus Michael Rasmussen in Vancouver Canucks zone.
10:48 of 1st period - Quinn Hughes is hit by Michael Rasmussen.
11:24 of 1st period - Icing by Quinn Hughes.
11:25 of 1st period - Philipp Kurashev wins face-off versus Elias Pettersson in Vancouver Canucks zone.
12:08 of 1st period - Matt Rempe is hit by Elias Pettersson and loses puck.
12:23 of 1st period - Shot by Vasily Podkolzin.
12:23 of 1st period - Stopped by Arvid Soderblom without a rebound.
12:24 of 1st period - David Kampf wins face-off versus Sean Kuraly in Chicago Blackhawks zone.
15:34 of 1st period - Shot by Matthew Knies.
15:34 of 1st period - Shot Misses the Net.
16:32 of 1st period - Minor Penalty to Vasily Podkolzin for High sticking.
16:32 of 1st period - Minor Penalty to Matt Rempe for Roughing.
16:33 of 1st period - Tyler Bertuzzi wins face-off versus Thomas Novak in neutral zone.
16:38 of 1st period - Cale Makar is hit by Tyler Bertuzzi and loses puck.
17:22 of 1st period - Off-side.
17:23 of 1st period - Michael Rasmussen wins face-off versus Elias Pettersson in neutral zone.
17:41 of 1st period - Shot by Michael Rasmussen.
17:41 of 1st period - Deflect By Zachary Bolduc.
17:41 of 1st period - Stopped by Jacob Markstrom without a rebound.
17:42 of 1st period - Michael Rasmussen wins face-off versus Thomas Novak in Vancouver Canucks zone.
17:53 of 1st period - Shot by Zachary Bolduc.
17:53 of 1st period - Stopped by Jacob Markstrom without a rebound.
17:54 of 1st period - Elias Pettersson wins face-off versus Michael Rasmussen in Vancouver Canucks zone.
18:11 of 1st period - Shot by Elias Pettersson.
18:11 of 1st period - Deflect By Casey Mittelstadt.
18:11 of 1st period - Shot Misses the Net.
18:16 of 1st period - Icing by Jamie Drysdale.
18:17 of 1st period - Thomas Novak wins face-off versus Michael Rasmussen in Chicago Blackhawks zone.
19:24 of 1st period - Shot by Jesse Puljujarvi.
19:24 of 1st period - Stopped by Jacob Markstrom without a rebound.
19:25 of 1st period - Thomas Novak wins face-off versus Dmitri Voronkov in Vancouver Canucks zone.
19:31 of 1st period - Dmitri Voronkov is hit by Nate Schmidt and loses puck.
19:54 of 1st period - Travis Hamonic is hit by Jesse Puljujarvi and loses puck.
Goals for this period are 1 for Chicago Blackhawks vs 0 for Vancouver Canucks.
Shots for this period are 11 for Chicago Blackhawks vs 5 for Vancouver Canucks.

2nd period


0:01 of 2nd period - Philipp Kurashev wins face-off versus Thomas Novak in neutral zone.
0:19 of 2nd period - Shot by Philipp Kurashev.
0:19 of 2nd period - Stopped by Jacob Markstrom without a rebound.
0:20 of 2nd period - Elias Pettersson wins face-off versus Michael Rasmussen in Vancouver Canucks zone.
0:42 of 2nd period - Off-side.
0:43 of 2nd period - Corey Perry wins face-off versus Bo Horvat in neutral zone.
0:54 of 2nd period - Shot by Wyatt Johnston.
0:54 of 2nd period - Shot Blocked by Jacob Trouba.
0:57 of 2nd period - Minor Penalty to Jacob Trouba for Hooking.
0:58 of 2nd period - Elias Pettersson wins face-off versus Dmitri Voronkov in Chicago Blackhawks zone.
0:59 of 2nd period - Shot by Brock Boeser.
0:59 of 2nd period - Shot Misses the Net.
1:01 of 2nd period - Shot by Matthew Knies.
1:01 of 2nd period - Shot Misses the Net.
1:03 of 2nd period - Shot by Nate Schmidt.
1:03 of 2nd period - Stopped by Arvid Soderblom with a rebound.
1:05 of 2nd period - Shot by Nate Schmidt.
1:05 of 2nd period - Stopped by Arvid Soderblom without a rebound.
1:06 of 2nd period - Corey Perry wins face-off versus Wyatt Johnston in Chicago Blackhawks zone.
1:20 of 2nd period - Shot by Thomas Novak.
1:20 of 2nd period - Shot Blocked by Jamie Drysdale.
1:24 of 2nd period - Shot by Casey Mittelstadt.
1:24 of 2nd period - Stopped by Arvid Soderblom without a rebound.
1:25 of 2nd period - Corey Perry wins face-off versus Matthew Knies in Chicago Blackhawks zone.
1:44 of 2nd period - Shot by Brock Boeser.
1:44 of 2nd period - Shot Misses the Net.
2:16 of 2nd period - Shot by Jamie Drysdale.
2:16 of 2nd period - Shot Misses the Net.
2:18 of 2nd period - Shot by Tyler Bertuzzi.
2:18 of 2nd period - Deflect By Dmitri Voronkov.
2:18 of 2nd period - Shot Blocked by Oliver Ekman-Larsson.
3:15 of 2nd period - Quinn Hughes is hit by Jesse Puljujarvi and loses puck.
4:18 of 2nd period - Shot by Bo Horvat.
4:18 of 2nd period - Deflect By Wyatt Johnston.
4:18 of 2nd period - Shot Blocked by Sean Kuraly.
4:56 of 2nd period - Shot by Viktor Arvidsson.
4:56 of 2nd period - Stopped by Jacob Markstrom without a rebound.
4:57 of 2nd period - Philipp Kurashev wins face-off versus David Kampf in Vancouver Canucks zone.
5:24 of 2nd period - Shot by Mason Appleton.
5:24 of 2nd period - Goal by Mason Appleton - Chicago Blackhawks : 1 - Vancouver Canucks : 1.
5:25 of 2nd period - Elias Pettersson wins face-off versus Corey Perry in neutral zone.
5:37 of 2nd period - Corey Perry is hit by Nate Schmidt and loses puck.
5:42 of 2nd period - Shot by Zachary Bolduc.
5:42 of 2nd period - Shot Misses the Net.
5:44 of 2nd period - Shot by Corey Perry.
5:44 of 2nd period - Stopped by Jacob Markstrom without a rebound.
5:45 of 2nd period - Michael Rasmussen wins face-off versus Thomas Novak in Vancouver Canucks zone.
5:52 of 2nd period - Shot by Jesse Puljujarvi.
5:52 of 2nd period - Deflect By Michael Rasmussen.
5:52 of 2nd period - Shot Blocked by Oliver Ekman-Larsson.
5:54 of 2nd period - Shot by Jakub Vrana.
5:54 of 2nd period - Shot Misses the Net.
6:02 of 2nd period - Shot by Jesse Puljujarvi.
6:02 of 2nd period - Goal by Jesse Puljujarvi - Chicago Blackhawks : 2 - Vancouver Canucks : 1.
6:03 of 2nd period - Philipp Kurashev wins face-off versus Matthew Knies in neutral zone.
6:12 of 2nd period - Matthew Knies is hit by Philipp Kurashev and loses puck.
8:48 of 2nd period - Shot by Dmitri Voronkov.
8:48 of 2nd period - Stopped by Jacob Markstrom without a rebound.
8:49 of 2nd period - Elias Pettersson wins face-off versus Philipp Kurashev in Vancouver Canucks zone.
9:06 of 2nd period - Shot by Philipp Kurashev.
9:06 of 2nd period - Goal by Philipp Kurashev - Chicago Blackhawks : 3 - Vancouver Canucks : 1.
9:07 of 2nd period - Thomas Novak wins face-off versus Philipp Kurashev in neutral zone.
9:10 of 2nd period - Tyler Bertuzzi is hit by Vasily Podkolzin.
9:21 of 2nd period - Pius Suter is hit by Jacob Trouba and loses puck.
9:36 of 2nd period - Shot by Viktor Arvidsson.
9:36 of 2nd period - Stopped by Jacob Markstrom without a rebound.
9:37 of 2nd period - Sean Kuraly wins face-off versus Elias Pettersson in Vancouver Canucks zone.
9:40 of 2nd period - Shot by Kasperi Kapanen.
9:40 of 2nd period - Stopped by Jacob Markstrom without a rebound.
9:41 of 2nd period - Michael Rasmussen wins face-off versus Elias Pettersson in Vancouver Canucks zone.
10:03 of 2nd period - Matthew Knies is hit by Philippe Myers and loses puck.
10:10 of 2nd period - Shot by Jesse Puljujarvi.
10:10 of 2nd period - Stopped by Jacob Markstrom without a rebound.
10:11 of 2nd period - Bo Horvat wins face-off versus Sean Kuraly in Vancouver Canucks zone.
11:02 of 2nd period - Off-side.
11:03 of 2nd period - Philipp Kurashev wins face-off versus Elias Pettersson in neutral zone.
11:21 of 2nd period - Icing by Jacob Trouba.
11:22 of 2nd period - Philipp Kurashev wins face-off versus Thomas Novak in Chicago Blackhawks zone.
12:11 of 2nd period - Shot by Elias Pettersson.
12:11 of 2nd period - Shot Misses the Net.
12:13 of 2nd period - Shot by Matthew Knies.
12:13 of 2nd period - Shot Blocked by Philippe Myers.
12:19 of 2nd period - Shot by Quinn Hughes.
12:19 of 2nd period - Stopped by Arvid Soderblom without a rebound.
12:20 of 2nd period - Corey Perry wins face-off versus Bo Horvat in Chicago Blackhawks zone.
12:25 of 2nd period - Shot by Zachary Bolduc.
12:25 of 2nd period - Shot Blocked by Travis Hamonic.
12:40 of 2nd period - Icing by Zachary Bolduc.
12:41 of 2nd period - Elias Pettersson wins face-off versus Corey Perry in Chicago Blackhawks zone.
12:51 of 2nd period - Icing by Quinn Hughes.
12:52 of 2nd period - Elias Pettersson wins face-off versus Sean Kuraly in Vancouver Canucks zone.
13:07 of 2nd period - Shot by Matthew Knies.
13:07 of 2nd period - Shot Blocked by Adam Boqvist.
13:09 of 2nd period - Shot by Matthew Knies.
13:09 of 2nd period - Stopped by Arvid Soderblom without a rebound.
13:10 of 2nd period - Philipp Kurashev wins face-off versus Bo Horvat in Chicago Blackhawks zone.
14:18 of 2nd period - Philipp Kurashev is hit by Oliver Ekman-Larsson and loses puck.
14:49 of 2nd period - Shot by Adam Boqvist.
14:49 of 2nd period - Stopped by Jacob Markstrom with a rebound.
14:51 of 2nd period - Shot by Jesse Puljujarvi.
14:51 of 2nd period - Stopped by Jacob Markstrom without a rebound.
14:52 of 2nd period - David Kampf wins face-off versus Sean Kuraly in Vancouver Canucks zone.
14:52 of 2nd period - Cale Makar is hit by Sean Kuraly and loses puck.
15:05 of 2nd period - Shot by Phillip Di Giuseppe.
15:05 of 2nd period - Shot Misses the Net.
15:28 of 2nd period - Minor Penalty to Dmitri Voronkov for Interference.
15:29 of 2nd period - Wyatt Johnston wins face-off versus Corey Perry in Chicago Blackhawks zone.
15:49 of 2nd period - Shot by Casey Mittelstadt.
15:49 of 2nd period - Shot Blocked by Jamie Drysdale.
16:10 of 2nd period - Icing by Casey Mittelstadt.
16:11 of 2nd period - Wyatt Johnston wins face-off versus Corey Perry in Vancouver Canucks zone.
16:11 of 2nd period - Wyatt Johnston is hit by Corey Perry.
16:21 of 2nd period - Oliver Ekman-Larsson is hit by Zachary Bolduc and loses puck.
17:26 of 2nd period - Shot by Brock Boeser.
17:26 of 2nd period - Stopped by Arvid Soderblom with a rebound.
17:28 of 2nd period - Shot by Elias Pettersson.
17:28 of 2nd period - Deflect By Mason Appleton.
17:28 of 2nd period - Stopped by Arvid Soderblom without a rebound.
17:29 of 2nd period - David Kampf wins face-off versus Dmitri Voronkov in Chicago Blackhawks zone.
17:45 of 2nd period - Icing by Jakub Vrana.
17:46 of 2nd period - Dmitri Voronkov wins face-off versus Elias Pettersson in Chicago Blackhawks zone.
17:53 of 2nd period - Quinn Hughes is hit by Jesse Puljujarvi.
18:26 of 2nd period - Shot by Mason Appleton.
18:26 of 2nd period - Stopped by Arvid Soderblom without a rebound.
18:27 of 2nd period - Corey Perry wins face-off versus David Kampf in Chicago Blackhawks zone.
18:40 of 2nd period - Shot by Phillip Di Giuseppe.
18:40 of 2nd period - Deflect By Mason Appleton.
18:40 of 2nd period - Shot Misses the Net.
18:46 of 2nd period - Shot by Mason Appleton.
18:46 of 2nd period - Deflect By David Kampf.
18:46 of 2nd period - Shot Misses the Net.
18:48 of 2nd period - Shot by Chris Tanev.
18:48 of 2nd period - Shot Blocked by Adam Boqvist.
18:50 of 2nd period - Shot by David Kampf.
18:50 of 2nd period - Stopped by Arvid Soderblom without a rebound.
18:51 of 2nd period - Michael Rasmussen wins face-off versus Bo Horvat in Chicago Blackhawks zone.
18:58 of 2nd period - Shot by Michael Rasmussen.
18:58 of 2nd period - Stopped by Jacob Markstrom with a rebound.
19:00 of 2nd period - Shot by Jamie Drysdale.
19:00 of 2nd period - Stopped by Jacob Markstrom without a rebound.
19:01 of 2nd period - Thomas Novak wins face-off versus Philipp Kurashev in Vancouver Canucks zone.
19:20 of 2nd period - Shot by Viktor Arvidsson.
19:20 of 2nd period - Shot Misses the Net.
19:30 of 2nd period - Shot by Tyler Bertuzzi.
19:30 of 2nd period - Stopped by Jacob Markstrom without a rebound.
19:31 of 2nd period - Michael Rasmussen wins face-off versus Elias Pettersson in Vancouver Canucks zone.
19:32 of 2nd period - Shot by Jesse Puljujarvi.
19:32 of 2nd period - Shot Misses the Net.
19:38 of 2nd period - Shot by Jakub Vrana.
19:38 of 2nd period - Shot Misses the Net.
19:40 of 2nd period - Shot by Philippe Myers.
19:40 of 2nd period - Shot Misses the Net.
19:42 of 2nd period - Shot by Jesse Puljujarvi.
19:42 of 2nd period - Shot Misses the Net.
Goals for this period are 2 for Chicago Blackhawks vs 1 for Vancouver Canucks.
Shots for this period are 14 for Chicago Blackhawks vs 10 for Vancouver Canucks.

3rd period


0:01 of 3rd period - Philipp Kurashev wins face-off versus Wyatt Johnston in neutral zone.
0:03 of 3rd period - Off-side.
0:04 of 3rd period - Bo Horvat wins face-off versus Philipp Kurashev in neutral zone.
0:26 of 3rd period - Icing by Cale Makar.
0:27 of 3rd period - Bo Horvat wins face-off versus Michael Rasmussen in Vancouver Canucks zone.
0:29 of 3rd period - Icing by Cale Makar.
0:30 of 3rd period - Michael Rasmussen wins face-off versus Bo Horvat in Vancouver Canucks zone.
0:46 of 3rd period - Shot by Cale Makar.
0:46 of 3rd period - Shot Blocked by Olli Maatta.
1:00 of 3rd period - Wyatt Johnston is hit by Jakub Vrana and loses puck.
2:00 of 3rd period - Matthew Knies is hit by Sean Kuraly and loses puck.
2:14 of 3rd period - Icing by Dmitri Voronkov.
2:15 of 3rd period - Sean Kuraly wins face-off versus Thomas Novak in Chicago Blackhawks zone.
2:15 of 3rd period - Sean Kuraly is hit by Vasily Podkolzin.
2:42 of 3rd period - Shot by Thomas Novak.
2:42 of 3rd period - Stopped by Arvid Soderblom with a rebound.
2:44 of 3rd period - Shot by Vasily Podkolzin.
2:44 of 3rd period - Shot Blocked by Olli Maatta.
3:31 of 3rd period - Shot by Jakub Vrana.
3:31 of 3rd period - Shot Hit the Post.
4:32 of 3rd period - Olli Maatta is hit by Vasily Podkolzin and loses puck.
5:23 of 3rd period - Shot by Quinn Hughes.
5:23 of 3rd period - Shot Blocked by Jacob Trouba.
5:25 of 3rd period - Shot by David Kampf.
5:25 of 3rd period - Shot Misses the Net.
5:27 of 3rd period - Shot by Phillip Di Giuseppe.
5:27 of 3rd period - Stopped by Arvid Soderblom without a rebound.
5:28 of 3rd period - Michael Rasmussen wins face-off versus Casey Mittelstadt in Chicago Blackhawks zone.
5:49 of 3rd period - Shot by Wyatt Johnston.
5:49 of 3rd period - Stopped by Arvid Soderblom without a rebound.
5:50 of 3rd period - Corey Perry wins face-off versus Elias Pettersson in Chicago Blackhawks zone.
5:55 of 3rd period - Shot by Olli Maatta.
5:55 of 3rd period - Stopped by Jacob Markstrom without a rebound.
5:56 of 3rd period - Sean Kuraly wins face-off versus Elias Pettersson in Vancouver Canucks zone.
6:05 of 3rd period - Shot by Sean Kuraly.
6:05 of 3rd period - Shot Blocked by Brock Boeser.
6:07 of 3rd period - Shot by Jamie Drysdale.
6:07 of 3rd period - Shot Misses the Net.
6:09 of 3rd period - Shot by Kasperi Kapanen.
6:09 of 3rd period - Goal by Kasperi Kapanen - Chicago Blackhawks : 4 - Vancouver Canucks : 1.
6:10 of 3rd period - David Kampf wins face-off versus Michael Rasmussen in neutral zone.
6:30 of 3rd period - Shot by David Kampf.
6:30 of 3rd period - Deflect By Mason Appleton.
6:30 of 3rd period - Goal by Mason Appleton - Chicago Blackhawks : 4 - Vancouver Canucks : 2.
6:31 of 3rd period - Zachary Bolduc wins face-off versus Elias Pettersson in neutral zone.
6:59 of 3rd period - Shot by Matthew Knies.
6:59 of 3rd period - Shot Hit the Post.
7:22 of 3rd period - Icing by Chris Tanev.
7:23 of 3rd period - Bo Horvat wins face-off versus Philipp Kurashev in Vancouver Canucks zone.
7:23 of 3rd period - Bo Horvat is hit by Philipp Kurashev.
8:14 of 3rd period - Minor Penalty to Philippe Myers for Interference.
8:15 of 3rd period - Elias Pettersson wins face-off versus Dmitri Voronkov in Chicago Blackhawks zone.
8:28 of 3rd period - Shot by Brock Boeser.
8:28 of 3rd period - Stopped by Arvid Soderblom without a rebound.
8:29 of 3rd period - Corey Perry wins face-off versus Elias Pettersson in Chicago Blackhawks zone.
8:44 of 3rd period - Shot by Nate Schmidt.
8:44 of 3rd period - Shot Misses the Net.
8:46 of 3rd period - Shot by Nate Schmidt.
8:46 of 3rd period - Shot Blocked by Dmitri Voronkov.
8:48 of 3rd period - Shot by Elias Pettersson.
8:48 of 3rd period - Shot Blocked by Olli Maatta.
8:50 of 3rd period - Shot by Nate Schmidt.
8:50 of 3rd period - Stopped by Arvid Soderblom without a rebound.
8:51 of 3rd period - Wyatt Johnston wins face-off versus Corey Perry in Chicago Blackhawks zone.
9:02 of 3rd period - Shot by Quinn Hughes.
9:02 of 3rd period - Stopped by Arvid Soderblom with a rebound.
10:26 of 3rd period - Shot by Mason Appleton.
10:26 of 3rd period - Stopped by Arvid Soderblom without a rebound.
10:27 of 3rd period - Michael Rasmussen wins face-off versus David Kampf in Chicago Blackhawks zone.
10:27 of 3rd period - Michael Rasmussen is hit by David Kampf.
10:30 of 3rd period - Jacob Trouba is hit by Mason Appleton.
10:32 of 3rd period - Shot by Jesse Puljujarvi.
10:32 of 3rd period - Shot Blocked by Mason Appleton.
10:35 of 3rd period - Michael Rasmussen is hit by Quinn Hughes and loses puck.
10:44 of 3rd period - Shot by Michael Rasmussen.
10:44 of 3rd period - Stopped by Jacob Markstrom without a rebound.
10:45 of 3rd period - Philipp Kurashev wins face-off versus Elias Pettersson in Vancouver Canucks zone.
10:45 of 3rd period - Tyler Bertuzzi is hit by Travis Hamonic and loses puck.
10:54 of 3rd period - Shot by Brock Boeser.
10:54 of 3rd period - Shot Blocked by Adam Boqvist.
10:56 of 3rd period - Shot by Travis Hamonic.
10:56 of 3rd period - Shot Blocked by Olli Maatta.
11:10 of 3rd period - Shot by Brock Boeser.
11:10 of 3rd period - Stopped by Arvid Soderblom without a rebound.
11:11 of 3rd period - Sean Kuraly wins face-off versus David Kampf in Chicago Blackhawks zone.
11:18 of 3rd period - Shot by Quinn Hughes.
11:18 of 3rd period - Stopped by Arvid Soderblom without a rebound.
11:19 of 3rd period - Bo Horvat wins face-off versus Jesse Puljujarvi in Chicago Blackhawks zone.
11:30 of 3rd period - Shot by Jakub Vrana.
11:30 of 3rd period - Stopped by Jacob Markstrom without a rebound.
11:31 of 3rd period - Sean Kuraly wins face-off versus Elias Pettersson in Vancouver Canucks zone.
12:21 of 3rd period - Icing by Cale Makar.
12:22 of 3rd period - Philipp Kurashev wins face-off versus Thomas Novak in Vancouver Canucks zone.
12:50 of 3rd period - Shot by Viktor Arvidsson.
12:50 of 3rd period - Deflect By Tyler Bertuzzi.
12:50 of 3rd period - Shot Blocked by Chris Tanev.
13:36 of 3rd period - Casey Mittelstadt is hit by Olli Maatta and loses puck.
13:55 of 3rd period - Zachary Bolduc is hit by Brock Boeser and loses puck.
14:04 of 3rd period - Shot by Zachary Bolduc.
14:04 of 3rd period - Stopped by Jacob Markstrom with a rebound.
14:06 of 3rd period - Shot by Corey Perry.
14:06 of 3rd period - Deflect By Zachary Bolduc.
14:06 of 3rd period - Goal by Zachary Bolduc - Chicago Blackhawks : 5 - Vancouver Canucks : 2.
14:07 of 3rd period - Sean Kuraly wins face-off versus David Kampf in neutral zone.
14:52 of 3rd period - Off-side.
14:53 of 3rd period - Corey Perry wins face-off versus Elias Pettersson in neutral zone.
15:00 of 3rd period - Shot by Zachary Bolduc.
15:00 of 3rd period - Shot Misses the Net.
15:08 of 3rd period - Shot by Zachary Bolduc.
15:08 of 3rd period - Stopped by Jacob Markstrom without a rebound.
15:09 of 3rd period - Bo Horvat wins face-off versus Viktor Arvidsson in Vancouver Canucks zone.
15:22 of 3rd period - Shot by Casey Mittelstadt.
15:22 of 3rd period - Stopped by Arvid Soderblom with a rebound.
15:24 of 3rd period - Shot by Bo Horvat.
15:24 of 3rd period - Stopped by Arvid Soderblom without a rebound.
15:25 of 3rd period - Brock Boeser wins face-off versus Corey Perry in Chicago Blackhawks zone.
16:20 of 3rd period - Off-side.
16:21 of 3rd period - Bo Horvat wins face-off versus Michael Rasmussen in neutral zone.
16:35 of 3rd period - Shot by Michael Rasmussen.
16:35 of 3rd period - Shot Misses the Net.
16:37 of 3rd period - Shot by Jesse Puljujarvi.
16:37 of 3rd period - Deflect By Michael Rasmussen.
16:37 of 3rd period - Stopped by Jacob Markstrom without a rebound.
16:38 of 3rd period - Thomas Novak wins face-off versus Philipp Kurashev in Vancouver Canucks zone.
16:38 of 3rd period - Thomas Novak is hit by Philipp Kurashev.
17:11 of 3rd period - Shot by Thomas Novak.
17:11 of 3rd period - Stopped by Arvid Soderblom without a rebound.
17:12 of 3rd period - Wyatt Johnston wins face-off versus Michael Rasmussen in Chicago Blackhawks zone.
17:18 of 3rd period - Off-side.
17:19 of 3rd period - Elias Pettersson wins face-off versus Sean Kuraly in neutral zone.
17:34 of 3rd period - Shot by Kasperi Kapanen.
17:34 of 3rd period - Stopped by Jacob Markstrom with a rebound.
18:06 of 3rd period - Shot by Bo Horvat.
18:06 of 3rd period - Deflect By Wyatt Johnston.
18:06 of 3rd period - Shot Misses the Net.
18:08 of 3rd period - Shot by Nate Schmidt.
18:08 of 3rd period - Stopped by Arvid Soderblom without a rebound.
18:09 of 3rd period - Thomas Novak wins face-off versus Philipp Kurashev in Chicago Blackhawks zone.
18:18 of 3rd period - Shot by Vasily Podkolzin.
18:18 of 3rd period - Shot Misses the Net.
18:21 of 3rd period - Vasily Podkolzin is hit by Philippe Myers and loses puck.
18:30 of 3rd period - Shot by Pius Suter.
18:30 of 3rd period - Shot Blocked by John Klingberg.
18:32 of 3rd period - Shot by Chris Tanev.
18:32 of 3rd period - Shot Blocked by Viktor Arvidsson.
18:34 of 3rd period - Shot by Cale Makar.
18:34 of 3rd period - Stopped by Arvid Soderblom without a rebound.
18:35 of 3rd period - Michael Rasmussen wins face-off versus Wyatt Johnston in Chicago Blackhawks zone.
18:44 of 3rd period - Shot by Wyatt Johnston.
18:44 of 3rd period - Deflect By Bo Horvat.
18:44 of 3rd period - Shot Misses the Net.
19:17 of 3rd period - Icing by Olli Maatta.
19:18 of 3rd period - Sean Kuraly wins face-off versus Elias Pettersson in Chicago Blackhawks zone.
19:18 of 3rd period - Sean Kuraly is hit by Matthew Knies.
19:25 of 3rd period - Icing by Olli Maatta.
19:26 of 3rd period - Thomas Novak wins face-off versus Sean Kuraly in Chicago Blackhawks zone.
19:33 of 3rd period - Shot by Pius Suter.
19:33 of 3rd period - Stopped by Arvid Soderblom without a rebound.
19:34 of 3rd period - Philipp Kurashev wins face-off versus Elias Pettersson in Chicago Blackhawks zone.
19:34 of 3rd period - Philipp Kurashev is hit by Matthew Knies.
19:37 of 3rd period - Minor Penalty to Matthew Knies for Boarding.
19:38 of 3rd period - Dmitri Voronkov wins face-off versus Elias Pettersson in Vancouver Canucks zone.
19:39 of 3rd period - Shot by Tyler Bertuzzi.
19:39 of 3rd period - Shot Misses the Net.
19:41 of 3rd period - Shot by Tyler Bertuzzi.
19:41 of 3rd period - Stopped by Jacob Markstrom with a rebound.
19:51 of 3rd period - Shot by Dmitri Voronkov.
19:51 of 3rd period - Stopped by Jacob Markstrom without a rebound.
19:52 of 3rd period - Philipp Kurashev wins face-off versus David Kampf in Vancouver Canucks zone.
19:57 of 3rd period - Shot by Viktor Arvidsson.
19:57 of 3rd period - Deflect By Zachary Bolduc.
19:57 of 3rd period - Stopped by Jacob Markstrom with a rebound.
19:59 of 3rd period - Shot by Olli Maatta.
19:59 of 3rd period - Shot Blocked by David Kampf.
Goals for this period are 2 for Chicago Blackhawks vs 1 for Vancouver Canucks.
Shots for this period are 12 for Chicago Blackhawks vs 16 for Vancouver Canucks.